General information
- name: KOA
- type: Custom game
- host: Perfection-
- saver: Liko
map: TerenasStand
- players: 5
- length: 33:33
- speed: Fast
- version: 1.26 W3XP
- replay type: Public
» download(125 KB)
Players
team 1 (loser)
bobby1 (
blue | 85 APM | 2862 actions | 33:31)
4 Demon Hunter
2 Immolation
2 Evasion
3 Keeper of the Grove
2 Entangling Roots
1 Force of Nature
3 Priestess of the Moon
2 Trueshot Aura
1 Searing Arrows
» actions
| Assign group hotkey | 31 | |
| Build / train | 124 | |
| Enter build submenu | 26 | |
| Enter hero's abilities submenu | 10 | |
| Give item / drop item | 3 | |
| Remove unit from queue | 4 | |
| Right click | 1663 | |
| Select / deselect | 680 | |
| Select group hotkey | 208 | |
| Use ability | 113 | |
2862 total
» units
| Wisp | 36 | |
| Archer | 22 | |
| Huntress | 3 | |
| Forest Troll Shadow Priest | 1 | |
| Dryad | 13 | |
| Druid of the Claw | 4 | |
79 total
» upgrades
| Strength of the Moon | 2 | |
| Improved Bows | 1 | |
| Strength of the Wild | 2 | |
| Druid of the Claw Training | 2 | |
| Abolish Magic | 1 | |
| Reinforced Hides | 1 | |
| Marksmanship | 1 | |
10 total
» buildings
| Moon Well | 9 | |
| Altar of Elders | 1 | |
| Ancient of War | 1 | |
| Hunter's Hall | 1 | |
| Tree of Ages | 1 | |
| Ancient of Lore | 6 | |
| Ancient of Wonders | 2 | |
| Tree of Life | 3 | |
| Tree of Eternity | 1 | |
25 total
» build order
00:33 Moon Well
00:38 Altar of Elders
01:16 Ancient of War
01:51 Moon Well
02:24 Hunter's Hall
02:34 Moon Well
03:35 Tree of Ages
04:53 Moon Well
06:36 Ancient of Lore
06:38 Ancient of Lore
08:34 Ancient of Wonders
09:43 Moon Well
12:15 Tree of Life
14:11 Tree of Eternity
16:27 Ancient of Lore
16:34 Ancient of Wonders
17:35 Moon Well
19:10 Moon Well
19:10 Moon Well
21:30 Moon Well
21:44 Ancient of Lore
23:16 Tree of Life
23:19 Ancient of Lore
23:22 Ancient of Lore
29:00 Tree of Life
» items
| Staff of Teleportation | 1 | |
| Scroll of Town Portal | 5 | |
| Staff of Preservation | 1 | |
| Orb of Venom | 1 | |
| Dust of Appearance | 1 | |
| Anti-magic Potion | 2 | |
11 total
team 2 (winner)
Liko (
dark-green | 107 APM | 3575 actions | 33:33)
5 Death Knight
2 Death Coil
3 Unholy Aura
5 Dark Ranger
3 Black Arrow
2 Silence
4 Pit Lord
2 Howl of Terror
2 Cleaving Attack
» actions
| Assign group hotkey | 89 | |
| Basic commands | 158 | |
| Build / train | 125 | |
| ESC pressed | 1 | |
| Enter build submenu | 32 | |
| Enter hero's abilities submenu | 14 | |
| Give item / drop item | 7 | |
| Right click | 1194 | |
| Select / deselect | 720 | |
| Select group hotkey | 1086 | |
| Use ability | 147 | |
3575 total
» units
| Acolyte | 11 | |
| Ghoul | 3 | |
| Crypt Fiend | 17 | |
| Obsidian Statue | 2 | |
| Abomination | 2 | |
| Goblin Sapper | 4 | |
| Frost Wyrm | 2 | |
41 total
» upgrades
| Burrow | 1 | |
| Creature Carapace | 3 | |
| Creature Attack | 2 | |
| Destroyer Form | 1 | |
| Freezing Breath | 1 | |
8 total
» buildings
| Graveyard | 1 | |
| Crypt | 1 | |
| Altar of Darkness | 1 | |
| Ziggurat | 7 | |
| Tomb of Relics | 2 | |
| Halls of the Dead | 1 | |
| Black Citadel | 1 | |
| Slaughterhouse | 1 | |
| Sacrificial Pit | 1 | |
| Nerubian Tower | 4 | |
| Necropolis | 1 | |
| Boneyard | 1 | |
22 total
» build order
00:10 Graveyard
00:18 Crypt
00:48 Altar of Darkness
01:05 Ziggurat
01:54 Tomb of Relics
02:10 Ziggurat
03:40 Halls of the Dead
04:16 Ziggurat
06:04 Black Citadel
07:02 Slaughterhouse
07:52 Sacrificial Pit
08:19 Ziggurat
14:50 Nerubian Tower
14:50 Nerubian Tower
14:50 Nerubian Tower
15:09 Ziggurat
16:26 Necropolis
16:52 Boneyard
17:31 Ziggurat
19:26 Tomb of Relics
24:34 Ziggurat
27:49 Nerubian Tower
» items
| Rod of Necromancy | 4 | |
| Sacrificial Skull | 3 | |
| Orb of Corruption | 4 | |
| Scroll of Town Portal | 7 | |
| Potion of Healing | 10 | |
| Boots of Speed | 1 | |
| Potion of Lesser Invulnerability | 3 | |
| Scroll of Healing | 4 | |
| Potion of Mana | 2 | |
38 total
refereesPerfection-,
wtvr,
Riceer Chat log
(00:03 / All) Liko: wonderful
(00:04 / All) Liko: w/e
(00:06 / All) bobby1: u nee dpause
(00:11 / All) bobby1: dude not on vent
(00:19 / All) bobby1: i would mh why use vent
(00:29 / All) Liko: = =
(01:38 / All) bobby1: hey fuck potm
(01:43 / All) bobby1: ill get that only in 2v2 lol
(02:37 / All) Perfection-: LOL
(03:10 / All) bobby1: omg
(03:11 / All) bobby1: omg
(03:13 / All) bobby1: missclick
(05:45 / All) Perfection-: USE WISP BOBBY
(05:46 / All) Perfection-: DISPEL
(05:52 / All) Riceer: LOL
(09:33 / All) wtvr: ...
(09:50 / All) Perfection-: HIT
(10:49 / All) Riceer: LOL
(10:50 / All) Riceer: OMG
(10:52 / All) Riceer: !!
(10:56 / All) Perfection-: koa up
(10:57 / All) Riceer: u suicide
(10:58 / All) Riceer: dk
(11:01 / All) Perfection-: u gotta join koa
(11:02 / All) Perfection-: now
(11:05 / All) Riceer: lol
(13:58 / All) bobby1: hate undead
(14:00 / All) bobby1: so hard to finish
(15:54 / All) Perfection-: LOL
(21:23 / All) wtvr: LOL
(22:15 / All) Liko: kk
(22:32 / All) wtvr: if only blue didnt lose his dh
(22:42 / All) Perfection-: bobby still got this
(22:50 / All) Perfection-: bobby focus fiends first
(25:34 / All) Perfection-: buy dsut
(25:56 / All) wtvr: bad tp
(25:56 / All) Perfection-: bad tp